 Dungeon Crawl Stone Soup version 0.31-a0-174-g85c54bcb58 (webtiles) character file.

Game seed: 15084222962872828316

4869 Pooter the Cleaver (level 10, -11/135 HPs)
             Began as a Minotaur Berserker on June 15, 2023.
             Was an Elder of Trog.
             Mangled by a freezing wraith (15 damage)
             ... on level 8 of the Dungeon on June 16, 2023.
             The game lasted 00:30:35 (6783 turns).

Pooter the Cleaver (Minotaur Berserker)             Turns: 6783, Time: 00:30:36

Health: -11/135    AC: 17    Str: 25    XL:     10   Next: 26%
Magic:  9/9        EV:  7    Int:  4    God:    Trog [****..]
Gold:   239        SH:  0    Dex: 11    Spells: 9/9 levels left

rFire   + . .        a - +4 broad axe (elec)
rCold   . . .        (no shield)
rNeg    . . .        z - +0 plate armour
rPois   .            (helmet restricted)
rElec   .            f - +0 cloak
rCorr   .            A - +0 pair of gloves
SInv    .            (no boots)
Will    .....        (no amulet) Stlth
                     d - +4 ring of protection
HPRegen 0.42/turn    F - ring of protection from fire
MPRegen 0.11/turn

%: no passive effects
@: berserking, slowed
A: horns 2, retaliatory headbutt
a: Renounce Religion, Berserk, Trog's Hand, Brothers in Arms


You were on level 8 of the Dungeon.
You worshipped Trog.
Trog was greatly pleased with you.
You visited 1 branch of the dungeon, and saw 8 of its levels.

You collected 458 gold pieces.
You spent 219 gold pieces at shops.

Inventory:

Hand Weapons
 a - a +4 broad axe of electrocution (weapon)
   (You acquired it on level 5 of the Dungeon)
 b - a +6 orcbow of electrocution
   (You acquired it on level 5 of the Dungeon)
 c - a +0 battleaxe
   (You found it on level 6 of the Dungeon)
 v - a +2 war axe of freezing
   (You bought it in a shop on level 4 of the Dungeon)
 w - a +0 trident
   (You took it off an orc on level 5 of the Dungeon)
 E - a +3 morningstar
   (You took it off a wight on level 7 of the Dungeon)
Missiles
 e - a throwing net {!f}
 i - a silver boomerang
 m - 8 poisoned darts
 q - 2 boomerangs
 r - 2 javelins
 C - 6 atropa-tipped darts
 Q - 66 stones (quivered)
Armour
 f - a +0 cloak (worn)
   (You found it on level 1 of the Dungeon)
 z - a +0 plate armour (worn)
   (You took it off an orc warrior on level 6 of the Dungeon)
 A - a +0 pair of gloves (worn)
   (You found it on level 6 of the Dungeon)
Jewellery
 d - a +4 ring of protection (left hand)
   (You found it on level 1 of the Dungeon)
 F - a ring of protection from fire (right hand)
   (You found it on level 2 of the Dungeon)
Wands
 u - a wand of paralysis (9)
   (You found it on level 7 of the Dungeon)
 x - a wand of light (5)
   (You found it on level 5 of the Dungeon)
Scrolls
 h - a scroll of noise {!r}
 j - 4 scrolls of vulnerability {!r}
 p - a scroll of amnesia {unknown}
 s - 2 scrolls of fog {unknown}
 t - 4 scrolls of teleportation {@r4}
 y - 2 scrolls of butterflies {unknown}
Potions
 g - 2 potions of haste {@q3}
 k - a potion of curing {unknown}
 l - 2 potions of attraction {unknown}
 n - 2 potions of invisibility
 o - 4 potions of heal wounds {@q2}
 B - a potion of degeneration {unknown}
 D - a potion of might
 G - a potion of mutation {unknown}


   Skills:
 + Level 8.9 Fighting
 * Level 12.0 Axes
 * Level 10.2 Ranged Weapons
 - Level 2.4 Armour
 - Level 2.1 Dodging
 - Level 1.2 Stealth


You had 9 spell levels left.
You didn't know any spells.
Your spell library was empty.

Dungeon Overview and Level Annotations

Branches:
Dungeon (8/15)             Temple (0/1) D:4
   Lair: D:8-11

Altars:
Gozag

Shops:
D:4 (

Annotations:
D:6 3 runed translucent doors, Dittersdorf's ghost, novice GrFi


Innate Abilities, Weirdness & Mutations

You have a pair of horns on your head.
You reflexively headbutt those who attack you in melee.


Message History

Lightning courses through the freezing wraith!
The white imp gestures at you.
The puff of frost hits you but does no damage.
The freezing wraith hits you. The freezing wraith freezes you!!
The freezing wraith hits you. The freezing wraith drains your vigour!
You feel as though you will be slow longer.
You closely miss the freezing wraith. Your punch misses the freezing wraith.
The freezing wraith hits you. The freezing wraith freezes you!!
* * * LOW HITPOINT WARNING * * *
The freezing wraith hits you but does no damage.
The white imp barely misses you.
The white imp hits you but does no damage.
The freezing wraith hits you.
* * * LOW HITPOINT WARNING * * *
The freezing wraith freezes you!
* * * LOW HITPOINT WARNING * * *
The freezing wraith hits you!
* * * LOW HITPOINT WARNING * * *
A red film seems to cover your vision as you go berserk!
You feel yourself moving faster!
You feel mighty! The white imp closely misses you.
The freezing wraith hits you but does no damage. x2
You hit the freezing wraith.
Your headbutt misses the freezing wraith.
You barely miss the white imp. You slash the freezing wraith!
The white imp barely misses you. You furiously retaliate!
You headbutt the white imp!
You feel the power of Trog in you as your rage grows.
You kill the white imp!
Trog accepts your kill.
The freezing wraith hits you but does no damage.
The freezing wraith hits you.
* * * LOW HITPOINT WARNING * * *
You slash the freezing wraith! You headbutt the freezing wraith!!
You destroy the freezing wraith!
Trog accepts your kill.
You barely miss the white imp. You slash the freezing wraith!
The freezing wraith hits you but does no damage.
The freezing wraith barely misses you. The white imp closely misses you.
Your Axes skill increases to level 12!
You slash the freezing wraith!
Your headbutt misses the freezing wraith.
You slash the white imp!
Lightning courses through the white imp!
You kill the white imp!
Trog accepts your kill. The freezing wraith hits you!
* * * LOW HITPOINT WARNING * * *
The freezing wraith freezes you!
You die...

#.....### #......
#######.. ####... ....
... ##.. ...# .5.. #...
#..~ #(W# #... #..~###
~..# ##..
..##..#~~##~..##. #...
........#~~#..... ##.#
.......@......... ##.#
####....W.....#######..#
####''''######..)..##
#...........#####
#############


You could see a freezing wraith.

Vanquished Creatures
  A two-headed ogre (D:8)
  Pikel (D:6)
  A freezing wraith (D:8)
  Prince Ribbit (D:6)
  A hornet (D:7)
  A wyvern (D:8)
  Grum (D:8)
  A steam dragon (D:7)
  Edmund (D:6)
  A water moccasin (D:7)
  An ice beast (D:8)
  An orc warrior (D:6)
  A sky beast (D:8)
  2 wolves (D:8)
  An ogre (D:4)
  4 lemures (D:6)
  A centaur (D:8)
  3 phantoms
  3 bullfrogs
  A gnoll sergeant (D:5)
  2 scorpions (D:6)
  3 wights (D:7)
  5 killer bees (D:8)
  A howler monkey (D:5)
  6 orc priests
  2 sleepcaps
  A gnoll bouda (D:8)
  3 iguanas
  11 orc wizards
  Robin (D:4)
  9 gnolls
  8 adders
  A shadow imp (D:7)
  6 white imps
  3 ufetubi
  2 worms
  2 dart slugs
  18 orcs
  7 bats
  6 endoplasms
  3 giant cockroaches
  7 hobgoblins
  2 jackals (D:3)
  3 quokkas
  8 ball pythons
  3 frilled lizards
  15 goblins
  4 kobolds
  12 rats
182 creatures vanquished.

Notes
Turn   | Place    | Note
-------+----------+-------------------------------------------
     0 | D:1      | Pooter the Minotaur Berserker began the quest for the Orb.
     0 | D:1      | Reached XP level 1. HP: 19/19 MP: 0/0
   108 | D:1      | Reached skill level 4 in Axes
   108 | D:1      | Reached XP level 2. HP: 25/27 MP: 1/1
   395 | D:1      | Reached skill level 1 in Stealth
   491 | D:1      | Reached ** piety under Trog
   568 | D:1      | Reached XP level 3. HP: 33/33 MP: 2/2
  1384 | D:3      | Reached skill level 1 in Ranged Weapons
  1390 | D:3      | Reached skill level 5 in Axes
  1390 | D:3      | Reached XP level 4. HP: 16/41 MP: 3/3
  1397 | D:3      | Reached XP level 5. HP: 23/47 MP: 4/4
  2118 | D:4      | Found Rank's Weapon Emporium.
  2261 | D:4      | Found a staircase to the Ecumenical Temple.
  2661 | D:4      | Noticed Robin
  2672 | D:4      | Reached *** piety under Trog
  2678 | D:4      | Reached skill level 6 in Axes
  2679 | D:4      | Killed Robin
  2680 | D:4      | Reached XP level 6. HP: 55/55 MP: 5/5
  2712 | D:4      | Reached skill level 5 in Fighting
  3007 | D:5      | Entered Level 5 of the Dungeon
  3134 | D:4      | Bought a +2 war axe of freezing for 219 gold pieces
  3693 | D:5      | Reached XP level 7. HP: 61/61 MP: 6/6
  4249 | D:5      | Reached skill level 7 in Axes
  4309 | D:5      | Identified 2 scrolls of acquirement
  4310 | D:5      | Acquired a +6 orcbow of electrocution
  4313 | D:5      | Acquired a +4 broad axe of electrocution
  4511 | D:6      | Noticed Prince Ribbit
  4515 | D:6      | Reached skill level 5 in Ranged Weapons
  4544 | D:6      | Found an opulent altar of Gozag.
  4554 | D:6      | Killed Prince Ribbit
  4555 | D:6      | Reached skill level 8 in Axes
  4555 | D:6      | Reached XP level 8. HP: 70/70 MP: 7/7
  4914 | D:6      | Noticed Pikel
  4919 | D:6      | Reached skill level 9 in Axes
  4923 | D:6      | Killed Pikel
  4941 | D:6      | Noticed Dittersdorf's ghost (novice GrFi)
  4943 | D:6      | Found a runed translucent gate.
  4943 | D:6      | Found a runed translucent gate.
  4944 | D:6      | Found a runed translucent gate.
  4945 | D:6      | Noticed a troll
  5010 | D:6      | Noticed Edmund
  5016 | D:6      | Killed Edmund
  5017 | D:6      | Reached XP level 9. HP: 64/79 MP: 8/8
  5322 | D:7      | Reached skill level 10 in Axes
  5607 | D:7      | Identified the +2 robe of Pandemonium {-Tele rC+ Regen+
                  | Archmagi}
  5673 | D:7      | Reached **** piety under Trog
  5955 | D:8      | Noticed Grum
  5971 | D:8      | Killed Grum
  5972 | D:8      | Reached skill level 11 in Axes
  6245 | D:8      | Noticed a two-headed ogre
  6254 | D:8      | Killed a two-headed ogre
  6255 | D:8      | Reached XP level 10. HP: 69/90 MP: 9/9
  6678 | D:8      | Reached skill level 10 in Ranged Weapons
  6783 | D:8      | Reached skill level 12 in Axes
  6783 | D:8      | HP: 4/135 [freezing wraith (11)]
  6783 | D:8      | Mangled by a freezing wraith

Illustrated notes

Levels and vault maps discovered:
D:1:      dpeg_arrival_round_a, layout_loops_cross, minivault_14
D:2:      layout_loops_ring
D:3:      layout_loops_ring
D:4:      layout_loops_corners, minmay_temple_entry_grid, serial_shops,
          nicolae_shop_getting_attention, kennysheep_generic_room_2, uniq_robin
D:5:      layout_cave_pods
D:6:      minmay_flawed_box, layout_loops_cross, nicolae_gozag_seed_capital,
          gammafunk_ghost_split, minmay_misc_feat_doors, uniq_pikel,
          uniq_prince_ribbit1, uniq_edmund
D:7:      layout_basic
D:8:      layout_gridville, hellmonk_guarded_unrand_frostbite, uniq_grum

Skill      XL: |  1  2  3  4  5  6  7  8  9 10 |
---------------+-------------------------------+-----
Axes           | 4 5 6 8 9 11 12 | 12.0
Fighting       | 4 5 6 7 8 |  8.9
Stealth        | 1 |  1.2
Ranged Weapons | 1 2 3 4 5 7 9 10 | 10.2
Armour         | |  2.4
Dodging        | |  2.1

Action                     |  1- 3 |  4- 6 |  7- 9 | 10-12 || total
---------------------------+-------+-------+-------+-------++-------
  Melee: Hand axe          |    85 |     9 |       |       ||    94
         Headbutt          |     6 |    13 |    16 |     6 ||    41
         War axe           |       |    82 |    13 |       ||    95
         Punch             |       |     2 |       |       ||     2
         Broad axe         |       |       |    91 |    29 ||   120
   Fire: Sling             |    16 |    58 |    16 |       ||    90
         Orcbow            |       |       |    76 |       ||    76
  Throw: Stone             |     1 |       |       |       ||     1
 Invoke: Trog's Hand       |     1 |     1 |     8 |       ||    10
         Berserk           |     1 |       |     1 |     1 ||     3
  Evoke: Wand              |       |       |     2 |     1 ||     3
    Use: Scroll            |     4 |     5 |     4 |       ||    13
   Stab: Sleeping          |     3 |       |       |       ||     3
         Invisible         |       |       |     1 |       ||     1
 Armour: Animal skin       |    33 |     2 |       |       ||    35
         Chain mail        |       |    62 |    13 |       ||    75
         Plate armour      |       |       |    74 |    34 ||   108
  Dodge: Dodged            |    49 |    63 |    47 |    22 ||   181

Table legend: (Time is in decaauts)
 A = Elapsed time spent in this place.
 B = Non-inter-level travel time spent in this place.
 C = Inter-level travel time spent in this place.
 D = Time resting spent in this place.
 E = Time spent auto-exploring this place.
 F = Levels seen in this place.
 G = Mean time per level.
                   A        B        C        D        E       F      G
               +--------+--------+--------+--------+--------+-----+--------+
         Total |   6894 |   6673 |    221 |    871 |   4530 |   8 |  861.8 |
       Dungeon |   6894 |   6673 |    221 |    871 |   4530 |   8 |  861.8 |
               +--------+--------+--------+--------+--------+-----+--------+

Top non-repeatable levels by time:
     D:5: 1447 daAuts
     D:4: 992 daAuts
     D:8: 882 daAuts
     D:6: 838 daAuts
     D:1: 776 daAuts
     D:3: 762 daAuts
     D:7: 622 daAuts
     D:2: 572 daAuts
